 Dungeon Crawl Stone Soup version 0.29.1-15-g9cfb28693d (webtiles) character file.

Game seed: 2903278509399306940

884 CatalinOSBI the Purveyor of Pain (level 7, -1/36 HPs)
             Began as a Deep Elf Necromancer on Mar 29, 2023.
             Was an Initiate of Kikubaaqudgha.
             Succumbed to their own poison gas
             ... on level 3 of the Dungeon.
             The game lasted 00:42:07 (5140 turns).

CatalinOSBI the Purveyor of Pain (DENe)             Turns: 5140, Time: 00:42:08

Health: -1/36      AC:  7    Str:  8    XL:     7   Next: 76%
Magic:  13/21      EV: 12    Int: 22    God:    Kikubaaqudgha [......]
Gold:   196        SH:  0    Dex: 15    Spells: 14/23 levels left

rFire   + . .      SeeInvis +   f - +5 hand axe "Tasos" {spect, rN+ Will+}
rCold   x x .      Faith    .   (no shield)
rNeg    + + +      Spirit   +   a - +1 robe
rPois   .          Reflect  .   y - +0 helmet
rElec   .          Harm     .   (no cloak)
rCorr   .          Rampage  .   h - +2 pair of gloves
Will    +....      Rage     3%  (no boots)
Stlth   ++........              w - amulet of Mafeb {Spirit Fly rC- rN++ SInv}
HPRegen 0.12/turn               i - ring "Orehuomp" {Fire Str+3}
MPRegen 0.17/turn               (no ring)

@: lethally poisoned (-1 -> -50), flying
A: berserk 1
a: Renounce Religion


You were on level 3 of the Dungeon.
You worshipped Kikubaaqudgha.
Kikubaaqudgha was noncommittal.
You visited 2 branches of the dungeon, and saw 6 of its levels.

You collected 196 gold pieces.

Inventory:

Hand Weapons
 e - a +0 dagger
 f - the +5 hand axe "Tasos" (weapon) {spect, rN+ Will+}
   (You found it on level 2 of the Dungeon)

   When its wielder attacks, the weapon's spirit leaps out and strikes again.
   The spirit shares a part of any damage it takes with its wielder.
   rN:        It protects you from negative energy.
   Will:      It increases your willpower.
 g - a +1 spear
 j - a +0 short sword
 s - a +0 giant spiked club
Armour
 a - a +1 robe (worn)
 h - a +2 pair of gloves (worn)
 x - a +0 animal skin
 y - a +0 helmet (worn)
Jewellery
 i - the ring "Orehuomp" (left hand) {Fire Str+3}
   (You found it on level 2 of the Dungeon)

   [ring of fire]

   It enhances your fire magic.
   Str:       It affects your strength (+3).
   rF:        It protects you from fire.
   rC:        It makes you vulnerable to cold.
 w - the amulet of Mafeb (around neck) {Spirit Fly rC- rN++ SInv}
   (You found it on level 4 of the Dungeon)

   [amulet of guardian spirit]

   It causes incoming damage to be divided between your reserves of health and
   magic.
   rC:        It makes you vulnerable to cold.
   rN:        It greatly protects you from negative energy.
   SInv:      It lets you see invisible.
   Fly:       It grants you flight.
 z - an amulet of regeneration
Wands
 q - a wand of iceblast (11)
Scrolls
 d - 3 scrolls of poison
 l - a scroll of blinking
 m - a scroll of summoning
 n - a scroll of teleportation {unknown}
 o - a scroll of fear
 A - 5 scrolls of noise {unknown}
Potions
 b - a potion of magic
 c - 2 potions of curing
 k - 3 potions of brilliance
 p - 2 potions of attraction
 r - a potion of mutation
 t - a potion of ambrosia {unknown}
 u - 2 potions of might {unknown}
 v - a potion of invisibility {unknown}


   Skills:
 - Level 2.4 Dodging
 - Level 2.4 Stealth
 * Level 8.7 Spellcasting
 * Level 9.0 Necromancy


You had 14 spell levels left.
You knew the following spells:

 Your Spells              Type           Power      Damage    Failure   Level
a - Necrotise             Necr           100%       1d9       1%          1
b - Vampiric Draining     Necr           49%        2d9       1%          3
c - Agony                 Necr           49%        N/A       4%          5

Your spell library contained the following spells:

 Spells                   Type           Power      Damage    Failure   Level
 Animate Dead             Necr           49%        N/A       1%          4
 Summon Small Mammal      Summ           36%        N/A       7%          1
 Call Canine Familiar     Summ           9%         N/A       21%         3
 Summon Guardian Golem    Hex/Summ       9%         N/A       21%         3


Dungeon Overview and Level Annotations

Branches:
Dungeon (5/15)             Temple (1/1) D:4

Altars:
Cheibriados
Elyvilon
Gozag
Hepliaklqana
Kikubaaqudgha
Makhleb
Nemelex Xobeh
Okawaru
Qazlal
Sif Muna
Vehumet
Wu Jian
Xom
Yredelemnul
The Shining One

Shops:
D:2 :   D:4 ?


Innate Abilities, Weirdness & Mutations

You sometimes lose your temper in combat.


Message History

Found a spear.
You see here a +0 spear.
Aiming: Necrotise (safe; 1% risk of failure)
Press: ? - help, Q - select action, (/) - cycle Shift-Dir - straight line, f - hobgoblin
Aim: a hobgoblin (asleep, chance to affect: 93%)
The hobgoblin shouts!
The hobgoblin writhes in agony!
You kill the hobgoblin!
Kikubaaqudgha accepts your kill.
The dead are walking!
k - 3 potions of brilliance (gained 1)
The air fills with toxic fumes!
As you read the scroll labelled UDADEOLIJI, it crumbles to dust.
It was a scroll of poison.
You swap places.
Really fly into that cloud of poison gas? [Y]es or [N]o only, please.
Really fly into that cloud of poison gas? [Y]es or [N]o only, please.
Really fly into that cloud of poison gas? [Y]es or [N]o only, please.
Really fly into that cloud of poison gas? [Y]es or [N]o only, please.
Really fly into that cloud of poison gas? [Y]es or [N]o only, please.
Really fly into that cloud of poison gas? [Y]es or [N]o only, please.
Really fly into that cloud of poison gas?
You are engulfed in poison gas.
You are poisoned.
You feel very sick.
You are engulfed in poison gas.
You are lethally poisoned!
You feel extremely sick.
You are engulfed in poison gas.
You are more poisoned.
You feel extremely sick.
You are engulfed in poison gas.
You are more poisoned.
* * * LOW HITPOINT WARNING * * *
You die...
Kikubaaqudgha rasps: "You have failed me!
Welcome... death!"

####.#<# #................[#
....>..############.#(..........#
#.##.###.........##.##..).....#.#
##.#.###.#######.##..#........#.#
##......# #.###.......>....#
##.#.##### #.# ##...........#
#....# #.# ##........### .#####
#.# ##..##..## ## #@## #.#######
# #.#§## #.# # #.###Z###)# # #.#
##§##.# # #.# ##...# # ## #.####
# #.# #.# #.#


You could see a friendly hobgoblin skeleton.

Vanquished Creatures
  Pikel (D:4)
  An ogre (D:5)
  4 lemures (D:4)
  2 scorpions
  An orc priest (D:3)
  An orc wizard (D:4)
  Terence (D:3)
  Robin (D:4)
  5 adders
  2 worms
  A dart slug (D:4)
  11 orcs
  3 ball pythons
  3 endoplasms
  3 giant cockroaches
  14 goblins
  11 hobgoblins
  7 kobolds
  5 bats
  7 frilled lizards
  10 rats
94 creatures vanquished.

Vanquished Creatures (collateral kills)
  A ball python (D:3)
  An endoplasm (D:3)
  A goblin (D:2)
3 creatures vanquished.

Grand Total: 97 creatures vanquished

Notes
Turn   | Place    | Note
-------+----------+-------------------------------------------
     0 | D:1      | CatalinOSBI the Deep Elf Necromancer began the quest for
                  | the Orb.
     0 | D:1      | Reached XP level 1. HP: 10/10 MP: 6/6
   197 | D:1      | Reached skill level 5 in Necromancy
   265 | D:1      | Reached XP level 2. HP: 15/15 MP: 3/8
  1555 | D:2      | Reached XP level 3. HP: 19/19 MP: 6/10
  1649 | D:2      | Found Wosukan's Book Boutique.
  1669 | D:2      | Identified the +5 hand axe "Tasos" {spect, rN+ Will+}
  1692 | D:2      | Identified the ring "Orehuomp" {Fire Str+3}
  2482 | D:2      | Gained mutation: You sometimes lose your temper in combat.
                  | [potion of mutation]
  2569 | D:3      | Noticed Terence
  2576 | D:3      | Killed Terence
  2577 | D:3      | Reached skill level 6 in Necromancy
  2577 | D:3      | Reached XP level 4. HP: 23/24 MP: 6/12
  2622 | D:3      | Learned a level 3 spell: Vampiric Draining
  2685 | D:3      | Reached skill level 5 in Spellcasting
  2842 | D:3      | Noticed a scorpion
  2848 | D:3      | Killed a scorpion
  2849 | D:3      | Reached XP level 5. HP: 28/28 MP: 6/15
  3338 | D:3      | You fall into a shaft and drop 2 floors!
  3338 | D:5      | Entered Level 5 of the Dungeon
  3374 | D:5      | Noticed an ogre
  3382 | D:5      | Killed an ogre
  3383 | D:5      | Reached skill level 7 in Necromancy
  3383 | D:5      | Reached XP level 6. HP: 32/32 MP: 10/17
  3593 | D:4      | Found a staircase to the Ecumenical Temple.
  3602 | Temple   | Entered the Ecumenical Temple
  3803 | Temple   | Became a worshipper of Kikubaaqudgha
  3990 | D:4      | Noticed Pikel
  3999 | D:4      | Killed Pikel
  4000 | D:4      | Reached skill level 8 in Necromancy
  4000 | D:4      | Reached XP level 7. HP: 23/36 MP: 5/20
  4249 | D:4      | Found a white marble altar of Elyvilon.
  4287 | D:4      | Identified the amulet of Mafeb {Spirit Fly rC- rN++ SInv}
  4355 | D:4      | Noticed Robin
  4396 | D:4      | Killed Robin
  4765 | D:4      | Learned a level 5 spell: Agony
  4819 | D:4      | Found Huf Weomn's Magic Scroll Boutique.
  5058 | D:3      | Reached skill level 9 in Necromancy
  5140 | D:3      | Succumbed to their own poison gas

Illustrated notes

Levels and vault maps discovered:
D:1:      saegor_arrival_simple_e, layout_basic, minmay_misc_feat_cross,
          dreamdust_wishing_well, minmay_tetromino_i2
D:2:      layout_basic, serial_shops, shop, minmay_misc_feat_columns,
          minmay_split_cup_small
D:3:      layout_loops_ring, marbit_many_paths, st_stairs_5,
          amcnicky_mini_pool_small, minmay_distorted, uniq_terence
D:4:      layout_loops_ring, mainiacjoe_overflow_surrounded_room,
          minmay_temple_entry_fiery, serial_shops, shop_scrolls, uniq_robin,
          uniq_crazy_yiuf_cottage, uniq_pikel
D:5:      layout_loops_ring, minmay_misc_feat_four_crosses,
          nicolae_figureground_sparkle
Temple:   jpeg_temple_clearing

Skill      XL: |  1  2  3  4  5  6  7 |
---------------+----------------------+-----
Necromancy     | 5 6 7 8 9 |  9.0
Spellcasting   | 4 5 6 8 |  8.7
Dodging        | |  2.4
Stealth        | |  2.4

Action                   |  1- 3 |  4- 6 |  7- 9 || total
-------------------------+-------+-------+-------++-------
Melee: Hand axe          |     4 |    14 |     3 ||    21
 Cast: Necrotise         |    69 |    45 |    45 ||   159
       Vampiric Draining |       |     7 |     2 ||     9
  Use: Potion            |     7 |       |       ||     7
       Scroll            |     6 |       |     1 ||     7
Armor: Robe              |     4 |     1 |     9 ||    14
Dodge: Dodged            |     3 |     8 |     4 ||    15
